 Dungeon Crawl Stone Soup version 0.30-a0-457-g4b7bca3bfa (webtiles) character file.

Game seed: 3793384226582969799

48 Adrian566 the Slasher (level 3, -2/27 HPs)
             Began as a Demonspawn Gladiator on Dec 12, 2022.
             Slain by an orc
             ... wielding a +1 falchion of holy wrath
              (7 damage)
             ... on level 2 of the Dungeon.
             The game lasted 00:00:52 (1210 turns).

Adrian566 the Slasher (Demonspawn Gladiator)        Turns: 1210, Time: 00:00:52

Health: -2/27      AC: 12    Str: 14    XL:     3   Next: 50%
Magic:  3/3        EV: 12    Int:  9    God:
Gold:   94         SH:  0    Dex: 16    Spells: 2/2 levels left

rFire   . . .      SeeInvis .    a - +0 long sword
rCold   . . .      Faith    .    (no shield)
rNeg    . . .      Spirit   .    b - +0 leather armour
rPois   .          Reflect  .    c - +0 helmet
rElec   .          Harm     .    (no cloak)
rCorr   .          Rampage  .    m - +0 pair of gloves
Will    .....                    l - +0 pair of boots
Stlth   +.........               (no amulet)
HPRegen 0.24/turn                (no ring)
MPRegen 0.08/turn                (no ring)

@: sanguine armoured
A: sanguine armour 1
a: no special abilities


You were on level 2 of the Dungeon.
You visited 1 branch of the dungeon, and saw 2 of its levels.

You collected 94 gold pieces.

Inventory:

Hand Weapons
 a - a +0 long sword (weapon)
Missiles
 d - 3 throwing nets (quivered)
 e - 6 javelins
Armour
 b - a +0 leather armour (worn)
 c - a +0 helmet (worn)
 l - a +0 pair of boots (worn)
 m - a +0 pair of gloves (worn)
Jewellery
 p - an amulet of magic regeneration
Scrolls
 g - 3 scrolls of poison {unknown}
 i - a scroll of fear {unknown}
 j - 2 scrolls of identify {unknown}
 o - a scroll of acquirement {unknown}
Potions
 f - a potion of berserk rage {unknown}
 h - a potion of magic {unknown}
 k - a potion of ambrosia {unknown}
 n - a potion of attraction {unknown}
 q - a potion of curing {unknown}


   Skills:
 + Level 2.1 Fighting
 * Level 3.4 Long Blades
 + Level 1.8 Throwing
 + Level 1.1 Armour
 + Level 3.1 Dodging


You had 2 spell levels left.
You didn't know any spells.
Your spell library contained the following spells:

 Spells                   Type           Power      Damage    Failure   Level
 Blink                    Tloc           0%         N/A       58%         2
 Ensorcelled Hibernation  Hex/Ice        0%         N/A       58%         2
 Momentum Strike          Conj/Tloc      0%         3d8       58%         2
 Passwall                 Tmut/Erth      0%         N/A       58%         2
 Lesser Beckoning         Tloc           0%         N/A       83%         3
 Swiftness                Air            0%         N/A       83%         3


Dungeon Overview and Level Annotations

Branches:
Dungeon (2/15)

Altars:


Innate Abilities, Weirdness & Mutations

When seriously injured, your blood forms armour. (AC +6)


Message History

You are too confused!
You are too confused!
You are too confused!
You are too confused!
You are too confused!
You are too confused!
You are too confused!
You are too confused!
You are too confused!
You are too confused!
You are too confused!
You are too confused!
You are too confused!
You are too confused!
You are too confused!
Unknown command.
You are too confused!
You are too confused!
You are too confused!
You slash the orc wizard!
The orc wizard is heavily wounded.
The orc wizard barely misses you.
You bump into the rock wall.
The orc wizard hits you with a +0 dagger.
You slash the orc wizard!
You kill the orc wizard!
Your Armour skill increases to level 1!
You have reached level 3!
Your experience leads to an increase in your attributes!
Increase (S)trength, (I)ntelligence, or (D)exterity?
You feel agile. x2
You bump into the rock wall.
The orc hits you with a +1 falchion of holy wrath!
Your blood congeals into armour.
You convulse.
You miss the orc.
You feel less confused.
The orc hits you with a +1 falchion of holy wrath!
* * * LOW HITPOINT WARNING * * *
You convulse!
You die...

#.# ... ## .....#
# #.#..# ?.
#.#..# ...
#....#### ....
#oo.....#
.....##@# ...
.....!..# ..
....###.###.# ..
#....# #
#.##.##.#
#.......# #
############.####
..##....<..# #.#
#..........# #.#


You could see 2 orcs.

Vanquished Creatures
  An orc wizard (D:2)
  5 endoplasms
  2 giant cockroaches (D:1)
  2 goblins (D:1)
  2 hobgoblins (D:1)
  5 kobolds (D:1)
  A ball python (D:1)
  2 frilled lizards (D:1)
20 creatures vanquished.

Notes
Turn   | Place    | Note
-------+----------+-------------------------------------------
     0 | D:1      | Adrian566 the Demonspawn Gladiator began the quest for the
                  | Orb.
     0 | D:1      | Reached XP level 1. HP: 16/16 MP: 1/1
   470 | D:1      | Gained mutation: When seriously injured, your blood forms
                  | armour. (AC +6) [demonic ancestry]
   470 | D:1      | Reached XP level 2. HP: 22/22 MP: 2/2
  1209 | D:2      | Reached skill level 1 in Armour
  1209 | D:2      | Reached XP level 3. HP: 21/27 MP: 3/3
  1210 | D:2      | Slain by an orc

Illustrated notes

Levels and vault maps discovered:
D:1:      dpeg_arrival_erosion, layout_loops_corners, minivault_4,
          serial_park_tiny_2
D:2:      layout_loops_cross, hellmonk_ecumenical_altar_dog_temple,
          hangedman_abyss_or_decor_stabs, uniq_terence, uniq_sigmund

Skill      XL: |  1  2 |
---------------+-------+-----
Long Blades    | 3 |  3.4
Dodging        | 3 |  3.1
Armour         | 1 |  1.1
Fighting       | |  2.1
Throwing       | |  1.8

Action                   || total
-------------------------++-------
Melee: Long sword        ||    68
 Stab: Sleeping          ||     1
Armor: Leather armour    ||    23
Dodge: Dodged            ||    31

Table legend: (Time is in decaauts)
 A = Elapsed time spent in this place.
 B = Non-inter-level travel time spent in this place.
 C = Inter-level travel time spent in this place.
 D = Time resting spent in this place.
 E = Time spent auto-exploring this place.
 F = Levels seen in this place.
 G = Mean time per level.
                   A        B        C        D        E       F      G
               +--------+--------+--------+--------+--------+-----+--------+
         Total |   1228 |   1128 |    100 |      0 |    943 |   2 |  614.0 |
       Dungeon |   1228 |   1128 |    100 |      0 |    943 |   2 |  614.0 |
               +--------+--------+--------+--------+--------+-----+--------+

Top non-repeatable levels by time:
     D:1: 1178 daAuts
     D:2: 49 daAuts
